cohdb
Replays
Latest Replays
All Replays
Popular Replays
Top Player Replays
Match Explorer
How It Works
Community
CoH3 Stats
Reddit
Sign in to upload your games and track your stats! →
Sign in with Steam
Match 46292289
Unlisted
Match 46292289
Overview
Messages
Build Orders
End
Kettenkrad Recon Vehicle
Construct Infanterie Kompanie
Selects Terror Battlegroup
Selects Machine Gun Camouflage
MG 42 Machine Gun Team
Grenadier Squad
MG 42 Machine Gun Team
Construct Panzergrenadier Kompanie
Panzergrenadier Squad
Support Elements
Nebelwerfer 42 Rocket Launcher Team
Medical Station
StuG III G Assault Gun
Selects Defend the Fatherland
Nebelwerfer 42 Rocket Launcher Team
Pioneer Squad
Pak 40 Anti-tank Gun Team
Construct Panzer Kompanie
Pioneer Squad
MG 42 Bunker
Sturmpanzer IV Brummbär
Selects King Tiger Heavy Tank
Pak 40 Anti-tank Gun Team
King Tiger Heavy Tank
Selects Contempt for the Weak
Selects Propaganda Leaflet Drop
Propaganda Leaflet Drop
Panzer Officer Quarters
Side Skirts
Pioneer Squad
Pioneer Squad
Propaganda Leaflet Drop
Pioneer Squad
Pioneer Squad
Selects V1 Rocket Strike
Sturmpanzer IV Brummbär
V1 Rocket Strike
sewage bill
TeamSpeakUser
LITTLE TRICKSTER
Punished Spicee Chib
SageAtomic
Schroedinger's Cat
0
0
Comments
sign in to comment!
No comments posted yet!